 Dungeon Crawl Stone Soup version 0.30-a0-329-g85436e0a43 (webtiles) character file.

Game seed: 5400301078181144368

137 funkygono the Firebug (level 5, -1/28 HPs)
             Began as a Gargoyle Fire Elementalist on Oct 28, 2022.
             Killed by divine providence
             ... invoked by an orc priest
              (10 damage)
             ... on level 3 of the Dungeon.
             The game lasted 00:04:04 (2858 turns).

funkygono the Firebug (Gargoyle Fire Elementalist)  Turns: 2858, Time: 00:04:04

Health: -1/28      AC: 10    Str: 12    XL:     5   Next: 20%
Magic:  0/9        EV: 11    Int: 17    God:
Gold:   90         SH:  0    Dex: 16    Spells: 4/10 levels left

rFire   . . .      SeeInvis .    p - +0 whip
rCold   . . .      Faith    .    (no shield)
rNeg    + . .      Spirit   .    l - +3 leather armour
rPois   ∞          Reflect  .    (no helmet)
rElec   +          Harm     .    (no cloak)
rCorr   .          Rampage  .    (no gloves)
Will    .....                    (no boots)
Stlth   ++........               (no amulet)
HPRegen 0.24/turn                c - +6 ring of dexterity
MPRegen 0.11/turn                (no ring)

@: no status effects
A: sickness immunity, AC +4, negative energy resistance 1, electricity
resistance, torment resistance 1, petrification resistance
a: no special abilities


You were on level 3 of the Dungeon.
You visited 1 branch of the dungeon, and saw 3 of its levels.

You collected 90 gold pieces.

Inventory:

Hand Weapons
 j - a +0 mace
 p - a +0 whip (weapon)
Armour
 a - a +0 robe
 b - a +2 chain mail of willpower
 l - a +3 leather armour (worn)
Jewellery
 c - a +6 ring of dexterity (left hand)
Scrolls
 d - 4 scrolls of identify {unknown}
 e - 2 scrolls of magic mapping {unknown}
 h - a scroll of vulnerability {unknown}
 k - 2 scrolls of teleportation {unknown}
 o - a scroll of butterflies {unknown}
 q - a scroll of blinking {unknown}
 r - a scroll of fear {unknown}
 u - a scroll of poison {unknown}
Potions
 f - 3 potions of heal wounds {unknown}
 g - a potion of might {unknown}
 i - a potion of haste {unknown}
 m - a potion of lignification {unknown}
 n - a potion of attraction {unknown}
 s - 2 potions of mutation {unknown}
 t - a potion of degeneration {unknown}


   Skills:
 + Level 1.7 Dodging
 + Level 2.2 Stealth
 * Level 3.1 Spellcasting
 * Level 2.2 Conjurations
 * Level 4.4 Fire Magic


You had 4 spell levels left.
You knew the following spells:

 Your Spells              Type           Power      Damage    Failure   Level
a - Foxfire               Conj/Fire      56%        2x1d6     5%          1
b - Scorch                Fire           34%        2d6       5%          2
c - Kindle Blastsparks    Fire/Tloc/Air  14%        2d11      34%         3

Your spell library contained the following spells:

 Spells                   Type           Power      Damage    Failure   Level
 Inner Flame              Hex/Fire       10%        N/A       26%         3
 Flame Wave               Conj/Fire      14%        2d6       47%         4


Dungeon Overview and Level Annotations

Branches:
Dungeon (3/15)

Altars:


Innate Abilities, Weirdness & Mutations

You are immune to sickness and miasma.
Your stone body is resilient. (AC +4)
You are immune to poison.
You resist negative energy. (rN+)
You are resistant to electric shocks. (rElec)
You are resistant to unholy torment.
You are immune to petrification.


Message History

You closely miss the orc priest.
The foxfire hits the orc priest but does no damage.
The foxfire hits the orc priest.
The orc priest is moderately wounded.
The orc priest barely misses you.
Unknown command.
You completely miss the orc priest.
The orc priest is moderately wounded.
The orc priest barely misses you.
Casting: Foxfire (safe; 5% risk of failure)
Confirm with . or Enter, or press ? or * to list all spells.
You conjure some foxfire!
The orc priest completely misses you.
Your magical contamination has completely faded away.
Unknown command.
You hit the orc priest.
The orc priest is heavily wounded.
The foxfire hits the orc priest but does no damage.
The orc priest is heavily wounded.
The foxfire hits the orc priest but does no damage.
The orc priest is heavily wounded.
The orc priest hits you but does no damage.
You hit the orc priest.
The orc priest is heavily wounded.
The orc priest closely misses you.
You hit the orc priest but do no damage.
The orc priest is heavily wounded.
The orc priest hits you with a +0 whip.
* * * LOW HITPOINT WARNING * * *
You hit the orc priest but do no damage.
The orc priest is heavily wounded.
The orc priest closely misses you.
You hit the orc priest.
The orc priest is heavily wounded.
The orc priest hits you but does no damage.
Casting: Foxfire (safe; 5% risk of failure)
Confirm with . or Enter, or press ? or * to list all spells.
You conjure some foxfire!
The orc priest invokes the aid of Beogh against you.
Beogh smites you!
You die...

.... ..... ..?.
...# ...# #)).# .#
##o.#.# ...## ###
#@v##.## #...
#...##v##...# #.
#......##.#.#
#...........###.##
#
#...#####.......))
# #### #.....#†.
## #.###..#.. #.
#.# ..#..###. #.#
#........


You could see an orc priest (ally target).

Vanquished Creatures
  Terence (D:3)
  3 adders (D:2)
  A worm (D:3)
  2 dart slugs (D:1)
  4 orcs (D:3)
  3 endoplasms
  A giant cockroach (D:1)
  9 goblins
  14 hobgoblins
  8 jackals (D:2)
  3 quokkas
  4 ball pythons
  3 bats
  3 frilled lizards
  3 kobolds
  6 rats
68 creatures vanquished.

Vanquished Creatures (collateral kills)
  A foxfire (D:1)
1 creature vanquished.

Vanquished Creatures (others)
  165 foxfires
  5 toadstools (D:1)
170 creatures vanquished.

Grand Total: 239 creatures vanquished

Notes
Turn   | Place    | Note
-------+----------+-------------------------------------------
     0 | D:1      | funkygono the Gargoyle Fire Elementalist began the quest
                  | for the Orb.
     0 | D:1      | Reached XP level 1. HP: 10/10 MP: 3/3
   126 | D:1      | Reached XP level 2. HP: 15/15 MP: 0/5
   146 | D:1      | Learned a level 2 spell: Scorch
   285 | D:1      | Found a faded altar of an unknown god.
   711 | D:1      | Reached XP level 3. HP: 19/19 MP: 3/6
   715 | D:1      | Learned a level 3 spell: Kindle Blastsparks
  1301 | D:2      | Reached XP level 4. HP: 20/24 MP: 1/8
  2454 | D:3      | Reached skill level 4 in Fire Magic
  2540 | D:3      | Noticed Terence
  2558 | D:3      | Killed Terence
  2559 | D:3      | Reached XP level 5. HP: 26/28 MP: 0/9
  2858 | D:3      | Killed from afar by an orc priest

Illustrated notes

Levels and vault maps discovered:
D:1:      ldierk_walled_garden, layout_loops_ring,
          shapermc_ecumenical_altar_pompeii, hangedman_abyss_or_decor_stabs
D:2:      layout_loops_corners, grunt_decor_mini_mirrors, minmay_goblin_outpost
D:3:      layout_rooms, chequers_temple_overflow_minitemple, minmay_cut_off,
          uniq_terence

Skill      XL: |  1  2  3  4 |
---------------+-------------+-----
Conjurations   | 2 |  2.2
Spellcasting   | 3 |  3.1
Fire Magic     | 4 |  4.4
Dodging        | |  1.7
Stealth        | |  2.2

Action                   |  1- 3 |  4- 6 || total
-------------------------+-------+-------++-------
Melee: Unarmed           |     9 |       ||     9
       Mace              |     4 |    15 ||    19
       Club              |     1 |       ||     1
       Whip              |       |     9 ||     9
 Cast: Foxfire           |    48 |    51 ||    99
       Scorch            |     3 |     8 ||    11
  Use: Potion            |       |     1 ||     1
Armor: Robe              |     1 |       ||     1
       Leather armour    |     8 |    12 ||    20
Dodge: Dodged            |    15 |    27 ||    42

Table legend: (Time is in decaauts)
 A = Elapsed time spent in this place.
 B = Non-inter-level travel time spent in this place.
 C = Inter-level travel time spent in this place.
 D = Time resting spent in this place.
 E = Time spent auto-exploring this place.
 F = Levels seen in this place.
 G = Mean time per level.
                   A        B        C        D        E       F      G
               +--------+--------+--------+--------+--------+-----+--------+
         Total |   2865 |   2831 |     34 |     93 |   2257 |   3 |  955.0 |
       Dungeon |   2865 |   2831 |     34 |     93 |   2257 |   3 |  955.0 |
               +--------+--------+--------+--------+--------+-----+--------+

Top non-repeatable levels by time:
     D:2: 1420 daAuts
     D:1: 1031 daAuts
     D:3: 413 daAuts
